Unix NetHack Version 5.0.0-0 post-release - last build May 31 2026 23:59:36 (970b52f25bf058293b47ddfd14a1e40e571c508c,branch:main).

Game began 2026-06-08 00:41:56, ended 2026-06-08 21:25:49.

Felix1, neutral male human Wizard

       -
        .#
         `########    -----------
         #       ##  #..<.......|                            ------------
         #        ####|.........-#                          #.%..{......|
         :           #|......._.|#                          #|..........|
         @           #|.........|#            ##            #|......>...|
         e           #|.........|#   ----------#            #|..........|
                     #-----------##  |{.......|#            #------------
                     ################-..`.....|#            #
                        #            |........|########     #
                        #            |........|       #    #
                        #            |.........####---.----#
                        #            |........|   #-.......#
                        #            ----------    |......|
              ----------#                          |......|
              |.........#                          --------
              |..(..>..|
              ----------

Felix1 the Conjurer       St:11 Dx:10 Co:13 In:18 Wi:11 Ch:14  Neutral
Dlvl:3  $:28 HP:0(30) Pw:35(35) AC:9  Xp:4 T:1948  Hungry  

Latest messages:
 You learn more about your items by comparing them.
 k - an uncursed scroll of identify (2 in total).
 You see here a large box.
 You see here a large box.
 In what direction? .
 Hmmm, the large box turns out to be locked.
 You miss the lichen.
 You hit the lichen.
 You kill the lichen!
 With great effort you move the boulder.
 The giant bat bites!
 You kill the giant bat!
 You see here a giant bat corpse.
 There is a giant bat corpse here; eat it? [ynq] (n) y
 This giant bat corpse is fatty.
 You hear the chime of a cash register.
 You finish eating the giant bat corpse.
 You miss the floating eye.
 You are frozen by the floating eye's gaze!
 You hear the chime of a cash register.
 You feel a bit steadier now.
 You are beginning to feel hungry.
 You hear some noises in the distance.
 You can move again.
 You hit the floating eye!
 You are frozen by the floating eye's gaze!
 The iguana bites!
 The iguana bites!
 The iguana bites!
 The iguana bites!
 The iguana bites!
 The iguana bites!
 The iguana bites!
 The iguana bites!
 You hear the footsteps of a guard on patrol.
 The iguana bites!
 The iguana bites!
 The iguana bites!
 The iguana bites!
 You hear the chime of a cash register.
 The iguana bites!
 The iguana bites!
 The iguana bites!
 The iguana bites!
 You die...
 Do you want your possessions identified? [ynq] (y) n
 Do you want to see your attributes? [ynq] (y) n
 Do you want an account of creatures vanquished? [ynaq] (y) n
 Do you want to see your conduct and achievements? [ynq] (y) n
 Do you want to see the dungeon overview? [ynq] (y) n

Inventory:
 Coins    ('$')
  $ - 28 gold pieces
 Weapons  (')')
  p - a +0 orcish dagger
  a - a blessed +1 quarterstaff (weapon in hands)
 Armor    ('[')
  b - an uncursed +0 cloak of magic resistance (being worn)
 Comestibles  ('%')
  q - 2 uncursed food rations
 Scrolls  ('?')
  j - an uncursed scroll of confuse monster
  u - a blessed scroll of destroy armor
  k - 2 uncursed scrolls of identify
  i - an uncursed scroll of magic mapping
 Spellbooks  ('+')
  l - a blessed spellbook of force bolt
  m - an uncursed spellbook of magic missile
 Potions  ('!')
  h - an uncursed potion of enlightenment
  f - an uncursed potion of full healing
  g - an uncursed potion of paralysis
  r - an uncursed potion of see invisible
 Rings    ('=')
  d - an uncursed +1 ring of increase accuracy
  e - an uncursed ring of polymorph control
 Wands    ('/')
  t - a wand of fire (0:8)
  c - a wand of striking (0:6)
 Tools    ('(')
  n - a magic marker (0:19)

Felix1 the Wizard's attributes:

Background:
 You were a Conjurer, a level 4 male human Wizard.
 You were neutral, nominally on a mission for Thoth
 who was opposed by Ptah (lawful) and Anhur (chaotic).
 You were right-handed.
 You were in the Dungeons of Doom, on level 3.
 You entered the dungeon 1948 turns ago.
 You had 126 experience points, 34 more were needed to attain level 5.

Basics:
 You had 0 out of 30 hit points.
 You had all 35 energy points (spell power).
 Your armor class was 9.
 Your wallet contained 28 zorkmids.
 Autopickup was off.

Final Characteristics:
 Your strength was 11 (limit:18/100).
 Your dexterity was 10 (limit:18).
 Your constitution was 13 (limit:18).
 Your intelligence was 18 (limit:18).
 Your wisdom was 11 (limit:18).
 Your charisma was 14 (limit:18).

Final Status:
 You were hungry.
 You were unencumbered.
 You were wielding a quarterstaff.
 You had basic skill with quarterstaff.

Final Attributes:
 You were devoutly aligned.
 You were magic-protected.
 You were warded.
 You are dead.

Miscellaneous:
 You didn't encounter any bones levels.
 Total elapsed playing time was 28 minutes and 9 seconds.

Major events:
 Turn
    1: Felix1 the neutral male human Wizard entered the dungeon
  968: attained the rank of Conjurer (level 3)
 1948: killed by an iguana, while frozen by a floating eye's gaze

Spells:
 Name                 Level Category     Fail Retention
 force bolt             1   attack         0%  91%-100%
 magic missile          2   attack         0%  91%-100%

Skills:
 Fighting Skills
   bare handed combat [Unskilled]
   riding             [Unskilled]
 Weapon Skills
   dagger             [Unskilled]
   knife              [Unskilled]
   axe                [Unskilled]
   short sword        [Unskilled]
   club               [Unskilled]
   mace               [Unskilled]
   quarterstaff       [Basic]
   polearms           [Unskilled]
   spear              [Unskilled]
   trident            [Unskilled]
   sling              [Unskilled]
   dart               [Unskilled]
   shuriken           [Unskilled]
 Spellcasting Skills
   attack spells      [Basic]
   healing spells     [Unskilled]
   divination spells  [Unskilled]
   enchantment spells [Basic]
   clerical spells    [Unskilled]
   escape spells      [Unskilled]
   matter spells      [Unskilled]

Voluntary challenges:
 Character rerolling was not enabled.
 You were an atheist.
 You were illiterate.
 You never genocided any monsters.
 You never polymorphed an object.
 You never changed form.
 You used no wishes.
Achievements:
 You attained the rank of Conjurer.
 You entered a shop.

 The Dungeons of Doom: levels 1 to 3
    Level 1:
       A fountain, a grave.
    Level 2:
       A vegetarian food shop.
    Level 3: <- You were here.
       An altar, some fountains.
       Final resting place for
          you, killed by an iguana, while frozen by a floating eye's gaze.


Vanquished creatures:
  a small mimic
  a floating eye
  a giant bat
 an acid blob
  2 giant rats
  a brown mold
  a gnome zombie
  a gecko
  7 jackals
  2 foxes
  2 goblins
  4 grid bugs
  a bat
  5 lichens
  2 kobold zombies
  7 newts
39 creatures vanquished.

No species were genocided or became extinct.

Game over:
                       ----------
                      /          \
                     /    REST    \
                    /      IN      \
                   /     PEACE      \
                  /                  \
                  |      Felix1      |
                  |      28 Au       |
                  |   killed by an   |
                  |      iguana      |
                  |                  |
                  |                  |
                  |       2026       |
                 *|     *  *  *      | *
        _________)/\\_//(\/(/\)/\//\/|_)_______

Goodbye Felix1 the Wizard...

You died in The Dungeons of Doom on dungeon level 3 with 630 points,
and 28 pieces of gold, after 1948 moves.
You were level 4 with a maximum of 30 hit points when you died.

